 Seeded DCSS version 0.30-a0-715-gdb4ae3ece1 (webtiles) character file.

Game seed: 10612473497621459800 (custom seed)

519 purpskrrrp the Firebug (level 7, -4/50 HPs)
             Began as a Black Draconian Fire Elementalist on Jan 24, 2023.
             Slain by Prince Ribbit (9 damage)
             ... on level 5 of the Dungeon.
             The game lasted 00:05:45 (3783 turns).

purpskrrrp the Firebug (DrFE)                       Turns: 3783, Time: 00:05:46

Health: -4/50      AC:  7    Str:  9 (10) XL:     7   Next: 1%
Magic:  12/12      EV: 17    Int: 17 (18) God:
Gold:   252        SH:  0    Dex:  9 (11) Spells: 12/13 levels left

rFire   + . .      SeeInvis .    i - +0 long sword
rCold   x . .      Faith    .    (no shield)
rNeg    . . .      Spirit   .    (body armour unavailable)
rPois   .          Reflect  .    (helmet restricted)
rElec   +          Harm     .    q - scarf {+Inv}
rCorr   .          Rampage  .    t - +0 pair of gloves
Will    .....                    (no boots)
Stlth   ++                       (no amulet)
HPRegen 0.28/turn                p - +5 ring of evasion
MPRegen 0.13/turn                g - ring of fire

@: lethally poisoned (-4 -> -10), attractive
A: breathe lightning, AC +6, unfitting armour, electricity resistance,
cold-blooded
a: Breathe Lightning, Evoke Invisibility


You were on level 5 of the Dungeon.
You visited 1 branch of the dungeon, and saw 5 of its levels.

You collected 252 gold pieces.

Inventory:

Hand Weapons
 i - a +0 long sword (weapon)
Armour
 q - a scarf of invisibility (worn)
 t - a +0 pair of gloves (worn)
Jewellery
 b - a +5 ring of evasion
 g - a ring of fire (right hand)
 p - a +5 ring of evasion (left hand)
 r - the ring of Umugh {*Corrode +Blink rPois rC+ Will++}
   (You found it on level 3 of the Dungeon)

   [ring of protection from cold]

   rC:        It protects you from cold.
   rPois:     It protects you from poison.
   +Blink:    It lets you blink.
   *Corrode:  It may corrode you when you take damage.
   Will:      It greatly increases your willpower.
Wands
 v - a wand of charming (9)
Scrolls
 e - a scroll of brand weapon {unknown}
 f - 2 scrolls of teleportation {unknown}
 k - a scroll of blinking {unknown}
 l - 3 scrolls of identify {unknown}
 m - 3 scrolls of immolation {unknown}
 o - a scroll of torment {unknown}
 s - a scroll of butterflies {unknown}
 u - a scroll of fear {unknown}
Potions
 a - a potion of curing {unknown}
 c - 2 potions of ambrosia
 h - a potion of degeneration
 j - a potion of attraction
 n - a potion of lignification
 w - a potion of might {unknown}


   Skills:
 + Level 3.4 Dodging
 + Level 3.7 Stealth
 + Level 3.5 Spellcasting
 + Level 3.2 Conjurations
 + Level 4.4 Fire Magic


You had 12 spell levels left.
You knew the following spells:

 Your Spells              Type           Power      Damage    Failure   Level
a - Foxfire               Conj/Fire      96%        2x1d8     3%          1

Your spell library contained the following spells:

 Spells                   Type           Power      Damage    Failure   Level
 Magic Dart               Conj           56%        1d5       4%          1
 Scorch                   Fire           52%        2d8       4%          2
 Momentum Strike          Conj/Tloc      16%        3d8       13%         2
 Inner Flame              Hex/Fire       15%        N/A       21%         3
 Blink                    Tloc           4%         N/A       26%         2
 Call Imp                 Summ           2%         N/A       26%         2
 Lesser Beckoning         Tloc           4%         N/A       26%         2
 Kindle Blastsparks       Fire/Tloc/Air  22%        2d11      26%         3
 Stone Arrow              Conj/Erth      16%        3d8       26%         3
 Mephitic Cloud           Conj/Pois/Air  6%         N/A       32%         3
 Flame Wave               Conj/Fire      24%        2d8       34%         4
 Lehudib's Crystal Spear  Conj/Erth      4%         10d3      100%        8
 Animate Armour           Summ/Erth      Unusable   N/A       N/A         4

Dungeon Overview and Level Annotations

Branches:
Dungeon (5/15)
 Temple: D:4-7

Altars:

Shops:
D:2 (   D:4 *

Annotations:
D:4 Edmund
D:5 Prince Ribbit


Innate Abilities, Weirdness & Mutations

You can breathe wild blasts of lightning.
Your glossy black scales are hard. (AC +6)
You cannot fit into any form of body armour.
You are resistant to electric shocks. (rElec)
You are cold-blooded and may be slowed by cold attacks.


Message History

You feel sick.
It was a potion of degeneration.
There was something very wrong with that liquid.
You feel weakened.
You feel dopey.
You feel clumsy.
You feel sick. The hound barely misses you.
Prince Ribbit comes into view.
The hound closely misses you. The gnoll closely misses you.
It was a potion of attraction.
You feel attractive to monsters.
You feel sick.
The hound stops to sniff the ground.
The hound barely misses you. The gnoll barely misses you.
Prince Ribbit is attracted toward you.
It was a potion of lignification.
You turn into a tree.
Your scarf of invisibility melds into your body.
Your +0 pair of gloves melds into your body.
Your roots penetrate the ground.
You feel sick. The hound bites you but does no damage.
Prince Ribbit hits you but does no damage.
The gnoll hits you but does no damage. The hound bites you but does no damage.
You cannot move.
You cannot move.
You are too injured to fight recklessly!
You barely miss Prince Ribbit.
You feel sick.
Prince Ribbit hits you but does no damage.
The hound barely misses you. The gnoll hits you but does no damage.
You are more poisoned.
Prince Ribbit hits you but does no damage.
The hound bites you but does no damage.
It was a potion of cancellation.
Your magical effects are unravelling.
You feel magically purged.
You feel less wooden.
Your scarf of invisibility unmelds from your body.
Your +0 pair of gloves unmelds from your body.
You become transparent for a moment.
You have got your breath back.
* * * LOW HITPOINT WARNING * * *
You feel sick. Prince Ribbit hits you!
You die...

#......######
####.........g..
#....(.<.g..#
#...........#
#...>..g#####
#..†###g# #...
#g# #... #h#
#... #@# ....
#.F# #.## #. ..
##. #. #.


You could see Prince Ribbit, a hound and 3 gnolls.

Vanquished Creatures
  2 phantoms (D:4)
  A bullfrog (D:5)
  2 scorpions (D:4)
  2 iguanas (D:4)
  An orc wizard (D:4)
  4 gnolls (D:3)
  3 adders
  A dart slug (D:4)
  4 orcs (D:4)
  6 ball pythons
  2 endoplasms (D:3)
  4 giant cockroaches
  3 goblins
  2 hobgoblins (D:3)
  3 jackals (D:3)
  2 kobolds (D:3)
  4 quokkas
  4 bats
  3 frilled lizards
  2 rats
55 creatures vanquished.

Vanquished Creatures (others)
  227 foxfires
227 creatures vanquished.

Grand Total: 282 creatures vanquished

Notes
Turn   | Place    | Note
-------+----------+-------------------------------------------
     0 | D:1      | purpskrrrp the Draconian Fire Elementalist began the quest
                  | for the Orb.
     0 | D:1      | Reached XP level 1. HP: 14/14 MP: 3/3
   775 | D:2      | Reached XP level 2. HP: 20/20 MP: 1/5
  1148 | D:2      | Found Cuonynum's Antique Weapon Emporium.
  1644 | D:3      | Reached XP level 3. HP: 26/26 MP: 2/6
  1695 | D:3      | Identified the ring of Umugh {*Corrode +Blink rPois rC+
                  | Will++}
  2243 | D:3      | Reached XP level 4. HP: 33/33 MP: 0/7
  3201 | D:4      | Reached XP level 5. HP: 38/38 MP: 2/9
  3264 | D:4      | Noticed a phantom
  3274 | D:4      | Killed a phantom
  3318 | D:4      | Reached skill level 4 in Fire Magic
  3318 | D:4      | Reached XP level 6. HP: 45/45 MP: 5/10
  3477 | D:4      | Found Hejeruips's General Store.
  3694 | D:4      | Noticed Edmund
  3711 | D:5      | Entered Level 5 of the Dungeon
  3720 | D:5      | Your scales start taking on a glossy black colour.
  3720 | D:5      | Reached XP level 7. HP: 50/50 MP: 4/12
  3720 | D:5      | Gained mutation: You are resistant to electric shocks.
                  | (rElec) [Black Draconian growth]
  3779 | D:5      | Noticed Prince Ribbit
  3783 | D:5      | Slain by Prince Ribbit

Illustrated notes

Levels and vault maps discovered:
D:1:      co_arrival_random_square_maze, layout_basic
D:2:      layout_basic, serial_shops, nicolae_shop_crystal
D:3:      layout_basic
D:4:      layout_rooms, minmay_temple_entry_enclosed_plants, serial_shops,
          nicolae_square_shop, hex_intersection, nicolae_elemental_shop,
          lightli_corner_chamber, uniq_edmund
D:5:      layout_rooms, hangedman_abyss_or_decor_stagger, dk_rats_in_the_wall,
          uniq_prince_ribbit1

Skill      XL: |  1  2  3  4  5  6 |
---------------+-------------------+-----
Stealth        | 2 3 |  3.7
Dodging        | 2 3 |  3.4
Conjurations   | 2 3 |  3.2
Spellcasting   | 3 |  3.5
Fire Magic     | 4 |  4.4

Action                     |  1- 3 |  4- 6 |  7- 9 || total
---------------------------+-------+-------+-------++-------
  Melee: Long sword        |    16 |    61 |     6 ||    83
         Unarmed           |     2 |       |       ||     2
         Tailslap          |     2 |     3 |     1 ||     6
   Cast: Foxfire           |    70 |    69 |     1 ||   140
Ability: Breathe Lightning |       |       |     2 ||     2
    Use: Potion            |       |     1 |     5 ||     6
 Armour: Skin              |     8 |    24 |    16 ||    48
  Dodge: Dodged            |    15 |    60 |    24 ||    99

Table legend: (Time is in decaauts)
 A = Elapsed time spent in this place.
 B = Non-inter-level travel time spent in this place.
 C = Inter-level travel time spent in this place.
 D = Time resting spent in this place.
 E = Time spent auto-exploring this place.
 F = Levels seen in this place.
 G = Mean time per level.
                   A        B        C        D        E       F      G
               +--------+--------+--------+--------+--------+-----+--------+
         Total |   3813 |   3636 |    177 |    241 |   2931 |   5 |  762.6 |
       Dungeon |   3813 |   3636 |    177 |    241 |   2931 |   5 |  762.6 |
               +--------+--------+--------+--------+--------+-----+--------+

Top non-repeatable levels by time:
     D:3: 1448 daAuts
     D:2: 823 daAuts
     D:1: 747 daAuts
     D:4: 720 daAuts
     D:5: 74 daAuts
